[Event "44th Chess Olympiad Open 2022"]
[Site "Chennai"]
[Date "2022.07.30"]
[Round "2.54"]
[White "Kulpruethanon, Thanadon"]
[Black "Van den Brink, Peter"]
[Result "1-0"]
[WhiteElo "2294"]
[BlackElo "2167"]
[Annotator "TA"]
[PlyCount "83"]
[EventDate "2022.??.??"]
[TimeControl "60"]

1. d4 d5 2. c4 e6 3. Nf3 Be7 4. g3 Nf6 5. Bg2 O-O 6. O-O dxc4 7. Qc2 b5 8. a4 {[%emt 0:00:
00] E05: Open Catalan: 5 Nf3 Be7.} b4 9. Nfd2 c6 10. Nxc4 {[%emt 0:00:53] The position is equal.} Qxd4 11. Rd1 Qc5 12. Be3 {[%emt 0:
00:00] White has compensation.} Qh5 13. Nbd2 Ng4 14. Nf3 Ba6 (14... Nxe3 $11 15. Nxe3 a5) 15. h3 {[%emt 0:08:06] White is
more active.} (15. Bd4 $1 $14) 15... Nxe3 (15... b3 $5 16.
Qxb3 Bxc4 17. Qxc4 Nxe3 18. fxe3 Bf6 $14) 16. Nxe3 {[%emt 0:00:08] [#]} Rc8
$146 (16... Bb7 $11 {feels stronger.}) ({Predecessor:} 16...
Bb7 17. a5 c5 18. a6 Bc6 19. g4 Qh6 20. Ne5 Bxg2 21. Kxg2 Qf4 22. N3c4 f5 {
1-0 (56) Hilverda,A (2362)-Hammarstrom,U (2214) Stockholm 2018}) 17. Rd2 $14 c5 {[%emt 0:12:17] [#]} 18. g4 $1 ({Of course
not} 18. Ne5 $6 {[#]} Qxe5 $1 19. Bxa8 c4 $11) 18... Qh6 19.
Ne5 {[%emt 0:01:00] Prevents Nc6. Discovered Attack} Bf6 $2 {[%emt 0:00:23]
This costs Black the game.} 20. Bxa8 $18 Bxe5 {[%emt 0:00:46]
[#]} 21. Qxc5 $3 Qg5 (21... f6 $2 22. Qe7 g6
23. Rad1 $18) (21... Qf6 22. Rad1) 22. Qxb4 h5 23. Qe4 hxg4 24. hxg4 Rc5 25. Rad1 {[%emt 0:06:34] Intending Rd8+ and mate. White is
clearly winning.} f5 {[%emt 0:01:09] [#]} (25... Rc8 $142 26. b4 Rf8) 26. Nxf5
$1 exf5 27. Bd5+ Kh7 28. Qxe5 Qxg4+ 29. Qg3 Bxe2 30. Qxg4 Bxg4 31. b4 Rc7 32. f3 Bh5 33. b5 g5 34. Ba8 g4 35. Rd8 gxf3 36. Kf2 ({Less strong is} 36. Rxb8 f2+ 37.
Kxf2 Bxd1 $18) 36... Kg6 37. R1d2 Rc4 38. Rxb8 Rxa4 39. Bxf3 Rf4 40. Rd3 Bg4 41. Kg3 {[%emt 0:06:36] Rd6+ would kill now.} Rb4 42.
Bxg4 {[%emt 0:00:00] Weighted Error Value: White=0.18 (very precise) /Black=0.
54} 1-0

[Event "44th Chess Olympiad Open 2022"]
[Site "Chennai"]
[Date "2022.07.30"]
[Round "2.54"]
[White "Jingjang, Shin"]
[Black "Pesqueira, Jose"]
[Result "1/2-1/2"]
[WhiteElo "1956"]
[BlackElo "1809"]
[Annotator "NA RC"]
[PlyCount "88"]
[EventDate "2022.??.??"]
[TimeControl "60"]

1. d4 g6 2. Nf3 Bg7 3. Bg5 d6 4. e4 c5 5. c3 Bg4 6. dxc5 Bxf3 7. Qxf3 dxc5 8. Bc4 f6 9. e5 Nc6 10. exf6 Nxf6 11. O-O Ne5 12. Bb5+ Kf8 13. Qe2 Qc7 14. h3 a6 15. Ba4 b5 16. Bc2 Nf7 17. Bh4 Qe5 18.
Qf3 Rd8 19. Qb7 Qe6 20. Na3 Qc8 21. Qf3 Nd6 22. Qe2 Kf7 23.
Rad1 Rhe8 24. Bb1 Qe6 25. Qf3 Nf5 26. Bxf6 exf6 27. Nc2 Bh6 28. Rfe1 Rxd1 29. Rxd1 Re7 30. Ne1 Nh4 31. Qg3 Qe2 32. Qd3 Qxd3 33. Nxd3 c4 34. Nc5 Re2 35. b3 cxb3 36. axb3 Rd2 37. Rxd2 Bxd2 38. Nxa6 Bxc3 39. Nc7 b4 40. Kf1 f5 41. g3 Nf3 42. Bc2 Nd4 43. Bd3 Bd2 44. Nb5 Nxb5 1/2-1/2

[Event "44th Chess Olympiad Open 2022"]
[Site "Chennai"]
[Date "2022.07.30"]
[Round "2.54"]
[White "Croes, Octavio"]
[Black "Arunnuntapanich, Tinnakrit"]
[Result "0-1"]
[WhiteElo "1794"]
[BlackElo "2117"]
[Annotator "NA RC"]
[PlyCount "106"]
[EventDate "2022.??.??"]
[TimeControl "60"]

1. d4 Nf6 2. c4 g6 3. Nc3 Bg7 4. e4 d6 5. Bg5 h6 6. Bf4 c6 7. Be2 Qa5 8. Bd2 Qc7 9. Rc1 e5 10. d5 c5 11. f4 exf4 12. Bxf4 Qe7 13. Qd3 O-O 14. Nf3 Nh5 15. Bd2 Re8 16. Kf2 Nf6 17. Rhe1 Ng4+ 18. Kg1 Nd7 19. Bf4 Nde5 20. Nxe5 Bxe5 21. Bxe5 Nxe5 22. Qg3 Bd7 23. Bd3 Qg5 24. Re3 Qxg3 25. Rxg3 Re7 26. Be2 Rae8 27. Nd1 a6 28. Ne3 Kh7 29. Bg4 Bxg4 30. Nxg4 Nxg4 31. Rxg4 Rxe4 32. Rxe4 Rxe4 33. Kf2 Kg7 34. Kf3 Rd4 35. Ke3 b5 36. b3 bxc4 37. bxc4 Kf6 38. Rf1+ Ke7 39. Rc1 f5 40. Rc3 Kf6 41. Ra3 Rxc4 42. Rxa6 Ke5 43. a4 Kxd5 44. a5 Rc2 45. Kf3 Ra2 46. Ra8 Kd4 47. a6 c4 48. a7 d5 49. Rg8 Rxa7 50.
Rxg6 c3 51. Ke2 Ra2+ 52. Kd1 f4 53. h4 Ke5 0-1

[Event "44th Chess Olympiad Open 2022"]
[Site "Chennai"]
[Date "2022.07.30"]
[Round "2.54"]
[White "Antonio, Kyell-Jean"]
[Black "Saeheng, Boonsueb"]
[Result "0-1"]
[WhiteElo "1497"]
[BlackElo "2063"]
[Annotator "NA RC"]
[PlyCount "100"]
[EventDate "2022.??.??"]
[TimeControl "60"]

1. e4 c5 2. Nf3 d6 3. d4 cxd4 4. Nxd4 Nf6 5. Nc3 a6 6. Be2 e5 7. Nb3 Be7 8. Be3 Be6 9. O-O Nbd7 10. a4 O-O 11. Qd2 Rc8 12. a5 Rc6 13.
Rfc1 Re8 14. f3 Bc4 15. Nd5 Nxd5 16. exd5 Rc8 17. Bxc4 Rxc4 18. Qd3 Rc8 19. c4 Bg5 20. Nd2 f5 21. b4 e4 22. fxe4 Ne5 23. Bxg5 Nxd3 24. Bxd8 Nxc1 25. Rxc1 Rcxd8 26. exf5 Re2 27. Rd1 Kf7 28. Kf1 Re5 29. g4 Kf6 30. Re1 Rxe1+ 31. Kxe1 Ke5 32. Kf2 h5 33. Kf3 Rf8 34. h3 g6 35. Ke3 hxg4 36. hxg4 gxf5 37. Nf3+ Kf6 38. g5+ Kg6 39. Kf4 Rc8 40. c5 dxc5 41. Ne5+ Kg7 42. Kxf5 cxb4 43. d6 b3 44. Nd3 Rc3 45. Ke4 Kf7 46. g6+ Ke6 47. g7 Rc4+ 48. Kf3 Rc8 49. Nc5+ Kxd6 50. Ne4+ Ke5 0-1

[Event "44th Chess Olympiad Open 2022"]
[Site "Chennai"]
[Date "2022.07.30"]
[Round "2.55"]
[White "Martyr, Reginald"]
[Black "Tagelsir, Abubaker"]
[Result "1/2-1/2"]
[WhiteElo "2194"]
[BlackElo "2232"]
[Annotator "RC"]
[PlyCount "101"]
[EventDate "2022.??.??"]
[TimeControl "60"]

1. Nf3 Nf6 2. c4 g6 3. b3 Bg7 4. Bb2 O-O 5. g3 d5 6. cxd5 Qxd5 7. Bg2 c5 8. Nc3 Qf5 9. h3 Nc6 10. Rc1 Rd8 11. Na4 b6 12. O-O Bb7 13.
d3 Rac8 14. a3 Rc7 15. b4 cxb4 16. axb4 Rcd7 17. Rb1 e5 18. g4 Qe6 19. Ng5 Qe7 20. b5 Nd4 21. Bxb7 Rxb7 22. Bc1 h6 23. e3 hxg5 24. exd4 Rxd4 25. Bb2 Rd8 26. Re1 Nd5 27. Qf3 Rbd7 28. d4 Qb4 29. Nc3 Nxc3 30. Bxc3 Qc4 31. Rb4 Qd5 32. Qxd5 Rxd5 33. dxe5 Rd3 34. Re3 Rxe3 35. fxe3 Rd5 36. Rd4 Rxb5 37. Rd8+ Bf8 38. Bd4 Rb1+ 39. Kg2 Rc1 40. Kf3 b5 41. Bxa7 Kg7 42. Bd4 Be7 43. Rb8 b4 44. Ke4 Rc6 45. Kd5 Ra6 46. Re8 Re6 47. Ra8 Bf8 48. Rb8 Ra6 49. e4 Re6 50. Be3 Be7 51. Bd4 1/2-1/2

[Event "44th Chess Olympiad Open 2022"]
[Site "Chennai"]
[Date "2022.07.30"]
[Round "2.55"]
[White "Hamid Mohammed"]
[Black "Sixtus Gabriel"]
[Result "1-0"]
[WhiteElo "2116"]
[BlackElo "1787"]
[Annotator "NA RC"]
[PlyCount "91"]
[EventDate "2022.??.??"]
[TimeControl "60"]

1. e4 g6 2. d4 Bg7 3. Nc3 d6 4. Be2 Nf6 5. h4 h5 6. Be3 c6 7. Qd2 b5 8. f3 Nbd7 9. Nh3 Nb6 10. Ng5 a5 11. Nd1 b4 12. Nf2 Ba6 13. Bxa6 Rxa6 14. Qe2 Qc8 15. g4 Na4 16. O-O-O Qb7 17. Rdg1 Rb6 18. Qc4 O-O 19. Qb3 Nc3 20. bxc3 a4 21. Qc4 d5 22. Qd3 bxc3 23. Kd1 Rb1+ 24. Ke2 Rxg1 25. Rxg1 dxe4 26. fxe4 Qb2 27. gxh5 Nxh5 28.
Nd1 Qxa2 29. Nxc3 Qa3 30. e5 c5 31. Nce4 Qb4 32. Nxc5 Rd8 33.
c3 Qb2+ 34. Qd2 Qb5+ 35. Kf2 Bxe5 36. Qa2 e6 37. dxe5 Ng7 38. Rb1 Qc6 39. Qxa4 Qd5 40. Qa7 Qxe5 41. Qxf7+ Kh8 42. Bd4 Qh2+ 43. Kf3 e5 44. Nce6 e4+ 45. Nxe4 Qh3+ 46. Ng3 1-0

[Event "44th Chess Olympiad Open 2022"]
[Site "Chennai"]
[Date "2022.07.30"]
[Round "2.55"]
[White "Mathurin, Nathaniel"]
[Black "Abdelhakiem Abdellatief Nogda"]
[Result "1-0"]
[WhiteElo "1722"]
[BlackElo "1960"]
[Annotator "NA"]
[PlyCount "111"]
[EventDate "2022.??.??"]
[TimeControl "60"]

1. d4 g6 2. c4 Bg7 3. Nc3 d6 4. e4 e5 5. Nge2 Nc6 6. Be3 Nge7 7. d5 Nb8 8.
Qd2 f5 9. f3 f4 10. Bf2 O-O 11. c5 Na6 12. Na4 g5 13. b4 Ng6 14. Nc1 Qe7 15.
Nb3 Nb8 16. Nc3 Nd7 17. c6 Nf6 18. cxb7 Bxb7 19. Na5 Bc8 20.
Nc6 Qf7 21. Nxa7 g4 22. Ncb5 Ba6 23. Rc1 Bxb5 24. Nxb5 Rfc8 25. a4 h5 26. a5 Ne8 27. Na7 Rd8 28. b5 Bf6 29. Nc6 Rdc8 30.
b6 cxb6 31. axb6 Qb7 32. Bc4 Nh4 33. O-O gxf3 34. g3 Ng2 35.
Na5 Rxa5 36. Qxa5 Ra8 37. Qb5 Qf7 38. Qc6 Rb8 39. Ba6 Bd8 40.
Bc8 Kh8 41. b7 Ne3 42. Be6 Qf8 43. gxf4 Nxf1 44. Kxf1 Bc7 45. Ba7 Rd8 46. Bb6 Bxb6 47. Qxb6 Qxf4 48. Qxd8 Qxc1+ 49. Kf2 Qd2+ 50. Kg3 Qg2+ 51. Kh4 Qxh2+ 52. Kg5 Qf4+ 53. Kxh5 Qh2+ 54. Qh4 Qg1 55. Bg4 Kg7 56. Qe7+ 1-0

[Event "44th Chess Olympiad Open 2022"]
[Site "Chennai"]
[Date "2022.07.30"]
[Round "2.56"]
[White "Michaelides, Konstantinos"]
[Black "Amega-Dzaka, Komi Nukunu"]
[Result "1-0"]
[WhiteElo "2300"]
[BlackElo "1639"]
[Annotator "TA"]
[PlyCount "47"]
[EventDate "2022.??.??"]
[TimeControl "60"]

1. d4 d5 2. c4 c6 3. cxd5 cxd5 4. Bf4 Nf6 5. Nc3 Qb6 6. Qd2 (6. e3 {is
interesting.} Qxb2 7. Bb5+ Bd7 8. Bxd7+ Nbxd7 9. Nge2) 6... Nc6 {[%emt 0:00:56]
D10: Slav Defence: 3 cxd5 (without early Nf3) and 3 Nc3.} 7. e3 Bf5 8. f3 {[%emt 0:03:37] Against Ne4} e6 {[%emt 0:04:00]
The position is equal.} 9. Rc1 Be7 10. Nge2 O-O {[%emt 0:00:39] [#]} 11. g4 $146 ({
Predecessor:} 11. Ng3 Bg6 12. Be2 Rac8 13. O-O a6 14. a3 Qb3 15. Bd1 Qb6 16.
Na4 Qb5 17. Nc5 {0-1 (82) Reilly,T (2355)-Comp Genius 2 Canberra 1994}) 11...
Bg6 12. h4 {[%emt 0:00:25] [#] aiming for h5.} h5 13. g5 Ne8 14. Bg3 (14.
Na4 $5 Qb4 15. Nec3 $11) 14... Bd6 (14... Nd6
$5 15. Nf4 Nf5 $11) 15. Bxd6 Nxd6 16. Nf4 Nf5 17. Bd3 Rad8 (17... Nce7 $11 {should be considered.}) 18. Bxf5 Bxf5 19. Nxh5 {[%emt 0:02:07] next Ng3 is
good for White.} e5 20. Ne2 exd4 ({Black should play} 20... Nb4 $14 21. O-O Nxa2) 21. Nxd4 $16 Nxd4 22. Qxd4 {[%emt 0:00:46][%csl Gh5][%cal
Rd4g7] [#]} Qa5+ $2 (22... Qxd4 $16 23. exd4 Rd6) 23. b4 $18 Qxa2 24. Qxg7# {[%emt 0:
00:08] Weighted Error Value: White=0.07 (flawless) /Black=0.57} 1-0

[Event "44th Chess Olympiad Open 2022"]
[Site "Chennai"]
[Date "2022.07.30"]
[Round "2.56"]
[White "Damianou, Ioannis"]
[Black "Strovsky, Mikhail"]
[Result "1/2-1/2"]
[WhiteElo "2153"]
[BlackElo "2158"]
[Annotator "RC"]
[PlyCount "118"]
[EventDate "2022.??.??"]
[TimeControl "60"]

1. c4 Nf6 2. Nf3 e6 3. e3 d5 4. Nc3 c5 5. d4 Nc6 6. cxd5 exd5 7. Bb5 a6 8. Bxc6+ bxc6 9. O-O Be7 10. h3 O-O 11. dxc5 Bxc5 12. b3 Be6 13. Bb2 Qa5 14. a3 Be7 15. Nd4 c5 16. b4 cxb4 17. Nc6 Qc7 18.
Nxb4 Qb7 19. Ne2 a5 20. Nd3 Rfc8 21. Nd4 Bd7 22. Rb1 Qa6 23. Ne5 Be8 24. Nf5 Qe6 25. Nxe7+ Qxe7 26. Qd4 Ra6 27. Ng4 Bb5 28. Nxf6+ Rxf6 29. Qg4 Qe6 30. Bxf6 Qxg4 31. hxg4 Bxf1 32. Kxf1 gxf6 33. Rb5 a4 34. Rb4 Rc2 35. Rxa4 Ra2 36. g3 Kf8 37. Ra5 Ke7 38. Rxd5 Rxa3 39. Rh5 Ra4 40. f3 Ra1+ 41. Ke2 Ra2+ 42. Kd3 Ra3+ 43. Ke4 Ra4+ 44. Kf5 Ra3 45. Kf4 Ra4+ 46. e4 Ra3 47. Rxh7 Rb3 48. Rh5 Ra3 49. Rf5 Ra1 50. g5 fxg5+ 51. Kxg5 Rg1 52. g4 Rg3 53. f4 Rg1 54. Ra5 Rh1 55. Ra7+ Kf8 56. e5 Rh7 57. f5 f6+ 58. Kxf6 Rxa7 59. g5 Rf7+ 1/2-1/2

[Event "44th Chess Olympiad Open 2022"]
[Site "Chennai"]
[Date "2022.07.30"]
[Round "2.56"]
[White "Tchouka, Yakini"]
[Black "Antoniou, Rafail"]
[Result "0-1"]
[WhiteElo "1934"]
[BlackElo "1817"]
[Annotator "NA RC"]
[PlyCount "36"]
[EventDate "2022.??.??"]
[TimeControl "60"]

1. e4 c5 2. Nf3 e6 3. d4 cxd4 4. Nxd4 Nf6 5. Nc3 Nc6 6. Ndb5 Bb4 7. Nd6+ Ke7 8. Bf4 e5 9. Nf5+ Kf8 10. Bg5 d5 11. Bxf6 Qxf6 12. Qxd5 Bxf5 13. exf5 g6 14. fxg6 hxg6 15. a3 Rd8 16. Qc4 Rh4 17. Qb3 Re4+ 18.
Be2 Rxe2+ 0-1

[Event "44th Chess Olympiad Open 2022"]
[Site "Chennai"]
[Date "2022.07.30"]
[Round "2.56"]
[White "Egbe, Kossi Thierry"]
[Black "Isaakidis, Alexandros"]
[Result "0-1"]
[WhiteElo "1703"]
[BlackElo "2165"]
[Annotator "RC"]
[PlyCount "31"]
[EventDate "2022.??.??"]
[TimeControl "60"]

1. e4 c5 2. Nf3 Nc6 3. d4 cxd4 4. Nxd4 Nf6 5. Nc3 d6 6. Bg5 e6 7. Qd2 a6 8. f4 Bd7 9. Nxc6 Bxc6 10. e5 dxe5 11. Qd4 Qd6 12. Qxd6 Rc8 13. Qd8+ Rxd8 14. fxe5 h6 15. Bxh6 gxh6 16. exf6 0-1

[Event "44th Chess Olympiad Open 2022"]
[Site "Chennai"]
[Date "2022.07.30"]
[Round "2.57"]
[White "Sultan, Ibrahim"]
[Black "Wane, Al Hassane"]
[Result "0-1"]
[WhiteElo "2108"]
[BlackElo "1750"]
[Annotator "NA RC"]
[PlyCount "106"]
[EventDate "2022.??.??"]
[TimeControl "60"]

1. d4 d5 2. c4 e6 3. Nc3 Nf6 4. Nf3 Nbd7 5. Bg5 Be7 6. e3 c6 7. Qc2 Ne4 8. Bxe7 Qxe7 9. Nxe4 dxe4 10. Qxe4 Qb4+ 11. Nd2 Qxb2 12. Rb1 Qxa2 13. Bd3 Qa5 14. Ke2 Nf6 15. Qf4 O-O 16. Ra1 Qh5+ 17. f3 Re8 18. g4 Qh4 19. Ra5 e5 20. Rxe5 Bd7 21. Ra1 b5 22. Ra5 bxc4 23. Nxc4 Nd5 24. Raxd5 cxd5 25. Rxd5 Qe7 26. Nd6 Reb8 27. Kf2 Qh4+ 28. Kg1 Qe1+ 29. Kg2 Be6 30. Bc4 Rb2+ 31. Kh3 Bxd5 32. Bxd5 Qf1+ 33. Kh4 Qf2+ 34. Kg5 h6+ 35. Kf5 Rd8 36. Bxf7+ Kf8 37. Qe4 Rbb8 38. Qc6 Qxh2 39. f4 Rb6 40. Qc7 Rbxd6 41. Bc4 Rf6+ 42. Ke4 Re8+ 43. Kd3 g5 44. Qc5+ Re7 45. fxg5 hxg5 46. Qc8+ Re8 47. Qc5+ Qd6 48. Qxg5 Qa3+ 49. Ke2 Qb2+ 50. Kd1 Qb1+ 51. Ke2 Qf1+ 52. Kd2 Rf2+ 53. Kc3 Qe1+ 0-1

[Event "44th Chess Olympiad Open 2022"]
[Site "Chennai"]
[Date "2022.07.30"]
[Round "2.57"]
[White "Abdulrahman Mohammad, Al Taher"]
[Black "Diop, Wara"]
[Result "1-0"]
[WhiteElo "2029"]
[BlackElo "1636"]
[Annotator "NA"]
[PlyCount "77"]
[EventDate "2022.??.??"]
[TimeControl "60"]

1. d4 d5 2. c4 dxc4 3. Nf3 Nf6 4. e3 Bg4 5. Bxc4 e6 6. Nc3 Be7 7. h3 Bh5 8. O-O O-O 9. a3 c5 10. d5 exd5 11. Nxd5 Bd6 12. Nxf6+ Qxf6 13. Qd5 Bxf3 14. Qxf3 Qxf3 15. gxf3 Rd8 16. Bd2 Be5 17. Rfd1 Nc6 18. Rab1 Rd6 19. Kf1 Rad8 20. Ke2 Bf6 21. f4 a6 22. b4 b5 23. bxc5 Rxd2+ 24. Rxd2 bxc4 25. Rb6 Rc8 26. Rd6 Nd8 27. Rxa6 Be7 28. Rd4 c3 29. Rc4 Rxc5 30. Rxc5 Bxc5 31. Ra8 Be7 32. a4 f5 33. a5 Kf7 34. a6 Nc6 35. Rc8 Na7 36. Rc7 Nb5 37. Rb7 Na3 38.
a7 c2 39. Kd2 1-0

[Event "44th Chess Olympiad Open 2022"]
[Site "Chennai"]
[Date "2022.07.30"]
[Round "2.57"]
[White "Cisse, Amadou Lamine"]
[Black "Othman, A. Moussa"]
[Result "0-1"]
[WhiteElo "2005"]
[BlackElo "2229"]
[Annotator "RC"]
[PlyCount "72"]
[EventDate "2022.??.??"]
[TimeControl "60"]

1. d4 g6 2. c4 Bg7 3. Nc3 c5 4. d5 d6 5. e4 Nf6 6. Be3 b5 7. cxb5 Nbd7 8. f4 a6 9. Nf3 O-O 10. bxa6 Qa5 11. Bd2 Bxa6 12. Bxa6 Qxa6 13. Qe2 Rfb8 14. Rb1 Rb4 15. Qxa6 Rxa6 16. a3 Rb3 17. O-O Rab6 18. e5 dxe5 19. fxe5 Ng4 20. e6 fxe6 21. dxe6 Rxe6 22. h3 Nge5 23. Ng5 Rd6 24. Nge4 Nc4 25. Bg5 Re6 26. Rbd1 Bd4+ 27. Kh1 Nxb2 28. Rb1 Rxc3 29. Nxc3 Bxc3 30. Rf2 Nd3 31. Rc2 Bd4 32. Kh2 N7e5 33. Bh6 g5 34. Rb8+ Kf7 35. Bxg5 Ne1 36. Re2 N5f3+ 0-1

[Event "44th Chess Olympiad Open 2022"]
[Site "Chennai"]
[Date "2022.07.30"]
[Round "2.57"]
[White "Badji, Sekou Aransbene"]
[Black "Mohamed Saeed Laily"]
[Result "0-1"]
[WhiteElo "1732"]
[BlackElo "2030"]
[Annotator "NA"]
[PlyCount "46"]
[EventDate "2022.??.??"]
[TimeControl "60"]

1. d4 d5 2. Nf3 Bf5 3. c4 e6 4. Nc3 Nc6 5. Bf4 Nf6 6. e3 Bd6 7. Bg3 O-O 8. Be2 h6 9. O-O Bxg3 10. hxg3 dxc4 11. Bxc4 a6 12. a4 Qe7 13. Bd3 Bg4 14. Na2 Rfd8 15. Qb3 Rab8 16. Rac1 Bxf3 17. gxf3 e5 18. dxe5 Nxe5 19. Be2 Rd2 20. Rfe1 Rxe2 21. Rxe2 Nxf3+ 22. Kf1 Qe4 23. Rc4 Nd4 0-1

[Event "44th Chess Olympiad Open 2022"]
[Site "Chennai"]
[Date "2022.07.30"]
[Round "2.58"]
[White "Rakotomaharo, Fy Antenaina"]
[Black "Bah, Ebrima"]
[Result "1-0"]
[WhiteElo "2490"]
[BlackElo "2078"]
[Annotator "TA"]
[PlyCount "87"]
[EventDate "2022.??.??"]
[TimeControl "60"]

1. e4 e6 2. d4 d5 3. e5 c5 4. c3 Qb6 5. Nf3 Nc6 6. Be2 cxd4 7. cxd4 Nge7 8. Na3 Nf5 9. Nc2 Bb4+ 10. Kf1 O-O
{[%emt 0:01:27] C02: French: Advance Variation.} (10... h5 $14) 11. g4 $1 $18 Nfe7 {[%emt 0:00:18] [#]} (11... Nh6 {is a better defense.} 12.
Rg1 Be7) 12. a3 $1 Ba5 {[%emt 0:03:09] White has a decisive
advantage.} 13. b4 Nxb4 $2 (13... Bd7 14. Bd2
Qc7 15. bxa5 Nxa5) 14. axb4 Bxb4 15. Nxb4 {
[%emt 0:00:04] [#]} Ng6 $146 ({Predecessor:} 15... Qxb4 16.
Ba3 Qb6 17. Bxe7 Re8 18. Bc5 Qc6 19. Rxa7 Rxa7 20. Bxa7 b6 21. Qb1 Bd7 22. Qxb6
{1-0 (34) Leitgeb,J (1678)-Koenig,J (1379) Leitersdorf 2012}) 16. Nd3 f6 17. h4 fxe5 18.
dxe5 Bd7 19. Ba3 Rf7 20. Ng5 Raf8 21. Nxf7 Rxf7 22. Bc5 Qc7 23. Bd4 a6 24. Qd2 Bb5 25. Rc1 Bc6 26. h5 Nf8 27. Nb4 Nd7 28. Qe3 Nb8 29. Kg2 Rf8 30. Bd3 Qf7 31. g5 Qf4 32. Qxf4 Rxf4 33. Nxc6 Nxc6 34. Be3 Rg4+ 35. Kh3 {[%emt 0:00:06] Threatening mate
with Rxc6.} Ra4 {[%emt 0:03:25] [#]} 36. Ra1 (36. Rxc6 $142 $1
bxc6 37. Rb1 Kf8 38. Bc5+ Ke8 39. Rb8+ Kd7 40. Rb7+ Kc8 41. Rxg7) 36... Rxa1 37. Rxa1 Nxe5 38. Be2 {
[%emt 0:01:30] Hoping for Rb1.} Nc6 39. Rb1 d4 40. Bd2 b5 41. Rc1 Ne5 42. Rc8+ Kf7 43. Bb4 Nd7 44.
Rd8 {[%emt 0:00:05] Black did not feel at home in the position after the
opening. Weighted Error Value: White=0.02 (flawless) /Black=1.18} 1-0

[Event "44th Chess Olympiad Open 2022"]
[Site "Chennai"]
[Date "2022.07.30"]
[Round "2.58"]
[White "Razanadrakotoarisoa, Toavina"]
[Black "Garber, Ousainou"]
[Result "1-0"]
[WhiteElo "2039"]
[BlackElo "1772"]
[Annotator "NA RC"]
[PlyCount "53"]
[EventDate "2022.??.??"]
[TimeControl "60"]

1. e4 c5 2. Nf3 e6 3. d4 cxd4 4. Nxd4 Nc6 5. Nc3 a6 6. Be3 Bb4 7. Nxc6 bxc6 8. Qd4 Bxc3+ 9. Qxc3 f6 10. h4 Ne7 11. Bc5 O-O 12. Bd6 Rf7 13.
h5 h6 14. g4 a5 15. O-O-O Ba6 16. Bxa6 Rxa6 17. Qc4 Rb6 18. f4 Nc8 19. Bc5 Rb5 20. a4 d5 21. axb5 Qc7 22. exd5 cxb5 23. Qxb5 exd5 24. Kb1 Rd7 25. Rhe1 f5 26. Re8+ Kf7 27. Rf8+ 1-0

[Event "44th Chess Olympiad Open 2022"]
[Site "Chennai"]
[Date "2022.07.30"]
[Round "2.58"]
[White "Dalliah, Joseph"]
[Black "Andrianiaina, Heritiana"]
[Result "0-1"]
[WhiteElo "1920"]
[BlackElo "2095"]
[Annotator "RC"]
[PlyCount "206"]
[EventDate "2022.??.??"]
[TimeControl "60"]

1. d4 Nf6 2. c4 e6 3. Nc3 Bb4 4. Nf3 Ne4 5. Qc2 f5 6. Bf4 O-O 7. e3 b6 8. Bd3 Bb7 9. O-O Bxc3 10. bxc3 g5 11. Bg3 d6 12. Nd2 Nxd2 13.
Qxd2 h5 14. h3 h4 15. Bh2 Nd7 16. Qe2 Nf6 17. a4 a5 18. Rfd1 Qd7 19. f3 Qg7 20. e4 f4 21. Kh1 Nh5 22. Qa2 Rae8 23. Rab1 Bc6 24. Bg1 Qd7 25. Bc2 Ng3+ 26. Kh2 Ne2 27. Qa3 Nxg1 28. Kxg1 Qe7 29. Qc1 Kg7 30. Qd2 e5 31. d5 Bd7 32. Rb2 Rf6 33. Qf2 Rh8 34. Bb3 Qe8 35.
Ra2 Qc8 36. Qf1 Rg6 37. Kf2 Kf6 38. Ke1 Ke7 39. Qf2 Qg8 40.
Rad2 Rh7 41. Rd3 Ke8 42. R1d2 Rhg7 43. Kd1 Kd8 44. Kc1 Kc8 45. Kb2 Qe8 46. Ka3 Qf8 47. Kb2 Qf6 48. Qg1 Kb7 49. Ka3 Rg8 50. Rb2 Kc8 51. Ka2 Kd8 52. Bd1 Ke7 53. Bc2 Qg7 54. Rd1 Qh6 55. Qf2 Qh5 56. Rh1 R6g7 57. Kb1 Rb8 58. Ka2 Qe8 59. Ka3 Bc8 60. Bb3 Kf6 61. Ra2 Ba6 62. Rd1 Rd7 63. Rad2 Qc8 64. Kb2 Qb7 65. Kc2 c6 66. Qe2 Rc8 67. Kb2 cxd5 68. Rxd5 Qc6 69. Qd3 Ke7 70. Rd2 Rcc7 71. Rd1 Bxc4 72. Bxc4 Qxc4 73. Qxc4 Rxc4 74. Kb3 Rdc7 75. R1d3 R7c6 76. Rb5 R4c5 77. Rxc5 bxc5 78. Kc4 Rb6 79. Rd2 Kd7 80. Rc2 Kc6 81. Ra2 Rb1 82. Rd2 Ra1 83. Kb3 c4+ 84. Kxc4 Rxa4+ 85. Kb3 Ra1 86. Kb2 Rg1 87. Kb3 Rb1+ 88. Ka4 Kc5 89. Rd5+ Kc4 90. Kxa5 Rb2 91. Rxd6 Rxg2 92. Rd5 Rg3 93. Rxe5 Rxh3 94. Rxg5 Rxf3 95. e5 Kc5 96. Ka6 Rxc3 97. Rg4 f3 98. Rxh4 f2 99. Rf4 Rc2 100. Rf6 Kd5 101. e6 Kd6 102. Kb5 Ke7 103. Rf3 Kxe6 0-1

[Event "44th Chess Olympiad Open 2022"]
[Site "Chennai"]
[Date "2022.07.30"]
[Round "2.58"]
[White "Jallow, Jalamang"]
[Black "Rakotomaharavo, Dylan"]
[Result "0-1"]
[WhiteElo "1572"]
[BlackElo "1948"]
[Annotator "NA RC"]
[PlyCount "130"]
[EventDate "2022.??.??"]
[TimeControl "60"]

1. d4 d5 2. Nf3 Nf6 3. g3 e6 4. Bg2 c5 5. e3 Nc6 6. c3 Bd6 7. Nbd2 O-O 8. Nb3 b6 9. Bd2 Ba6 10. Nc1 Re8 11. Ne2 e5 12. dxe5 Bxe5 13.
O-O Rc8 14. Re1 Bb8 15. Qc2 d4 16. Qa4 Bxe2 17. Rxe2 d3 18.
Ree1 Ne4 19. a3 c4 20. Qd1 Qf6 21. Rf1 Na5 22. Nd4 Nc5 23. Rb1 Ncb3 24. Kh1 Be5 25. Kg1 g6 26. Kh1 Rc5 27. Nf3 Qd6 28. Nd4 f5 29. Kg1 a6 30. Kh1 Rc7 31. Kg1 Bxd4 32. cxd4 Nxd2 33. Qxd2 Nb3 34. Qc3 b5 35. Rbd1 Kg7 36. Rxd3 cxd3 37. Qxb3 d2 38. Qd1 Rc1 39. Qxd2 Rxf1+ 40. Bxf1 Rc8 41. h4 Qc6 42. d5 Qd6 43. Bg2 Rc4 44. Kh2 Rxh4+ 45. Kg1 Rc4 46. Bf1 Rc7 47. b4 Qe5 48. Kh2 h5 49. f4 Qf6 50. Bg2 h4 51. g4 fxg4 52. e4 Rf7 53. e5 Qxf4+ 54. Qxf4 Rxf4 55. d6 Rd4 56. Bb7 Rd2+ 57. Kg1 h3 58. Bc8 Kf8 59. Kh1 g3 60.
Bg4 Rc2 61. Bxh3 Rh2+ 62. Kg1 Rxh3 63. Kg2 Rh5 64. e6 Rd5 65. d7 Ke7 0-1

[Event "44th Chess Olympiad Open 2022"]
[Site "Chennai"]
[Date "2022.07.30"]
[Round "2.59"]
[White "Rocha, Maximiliano"]
[Black "Drayton, Anthony"]
[Result "1-0"]
[WhiteElo "2117"]
[BlackElo "1928"]
[Annotator "NA"]
[PlyCount "83"]
[EventDate "2022.??.??"]
[TimeControl "60"]

1. e4 e6 2. d4 d5 3. Nd2 Nf6 4. Bd3 c5 5. e5 Nfd7 6. c3 Nc6 7. Ndf3 Qb6 8.
Ne2 cxd4 9. cxd4 f5 10. exf6 Nxf6 11. O-O Bd6 12. a3 O-O 13. Nc3 Bd7 14. Bg5 Rac8 15. h3 Bb8 16. Re1 a6 17. Rc1 Qxb2 18. Bxf6 Rxf6 19. Na4 Qxa3 20. Nc5 Be8 21. Ra1 Qc3 22. Re3 Qb4 23. Bxh7+ Kxh7 24. Rb3 Qc4 25. Rc1 Nxd4 26. Rxc4 dxc4 27. Ng5+ Kg8 28. Rc3 Rxc5 29. Qxd4 Rxg5 30. Qd8 Kf7 31. Qxb8 Bc6 32. g4 Rd5 33. Rxc4 Rd1+ 34. Kh2 g5 35. f4 gxf4 36. Rxf4 Rd2+ 37. Kg3 Rd3+ 38. Kh4 Rxf4 39. Qxf4+ Ke7 40. g5 Bg2 41. Qf6+ Kd6 42. Qd8+ 1-0

[Event "44th Chess Olympiad Open 2022"]
[Site "Chennai"]
[Date "2022.07.30"]
[Round "2.59"]
[White "Espinoza Solano, Jose Nahum"]
[Black "Lee, Ethan"]
[Result "1-0"]
[WhiteElo "2093"]
[BlackElo "1629"]
[Annotator "NA"]
[PlyCount "85"]
[EventDate "2022.??.??"]
[TimeControl "60"]

1. e4 c6 2. d4 g6 3. Nc3 d5 4. e5 Bg7 5. f4 f6 6. Nf3 Bg4 7. Be2 Bxf3 8. Bxf3 fxe5 9. fxe5 Nh6 10. Bg5 Nf7 11. Be3 e6 12. Bg4 Qe7 13. O-O O-O 14. Ne2 Na6 15. Qd2 c5 16. c3 cxd4 17. cxd4 Rac8 18. Rac1 Qd7 19. Nf4 Nc7 20. Rc2 Bh6 21. Rfc1 Bxf4 22. Bxf4 Nb5 23. Qb4 Rxc2 24. Rxc2 Nd8 25. Bh6 Rf7 26. Bg5 Nc7 27. h4 Nc6 28. Qd2 Nb5 29. Be3 Qe7 30. g3 Qb4 31. Rxc6 Qxd2 32. Rc8+ Rf8 33. Rxf8+ Kxf8 34. Bxd2 Nxd4 35. Be3 Nf5 36. Bxf5 exf5 37. Bxa7 Ke7 38. Kf2 Ke6 39. Bd4 h6 40. a4 g5 41. hxg5 hxg5 42. a5 f4 43. gxf4 1-0